 Dungeon Crawl Stone Soup version 0.19-a0-1815-g4007336 (webtiles) character file.

82 Amnesiac the Chucker (level 4, -1/48 HPs)
             Began as an Ogre Hunter on Oct 5, 2016.
             Slain by a worker ant (6 damage)
             ... on level 4 of the Dungeon.
             The game lasted 00:01:14 (546 turns).

Amnesiac the Chucker (Ogre Hunter)                   Turns: 546, Time: 00:01:15

Health: -1/48      AC:  3    Str: 17    XL:     4   Next: 43%
Magic:  4/4        EV: 10    Int: 10    God:
Gold:   37         SH:  0    Dex: 11    Spells: 0 memorised, 3 levels left

rFire  . . .     SeeInvis .     a - +0 short sword
rCold  . . .     Gourm    .     b - +0 robe
rNeg   . . .     Faith    .     (no shield)
rPois  .         Spirit   .     (helmet restricted)
rElec  .         Dismiss  .     (no cloak)
rCorr  .         Reflect  .     (gloves unavailable)
MR     .....     Harm     .     (boots unavailable)
Stlth  +.........               (no amulet)
                                (no ring)
                                (no ring)

@: no status effects
A: unfitting armour, tough skin 1
a: no special abilities


You were on level 4 of the Dungeon.
You were not hungry.

You visited 1 branch of the dungeon, and saw 4 of its levels.

You collected 37 gold pieces.

Inventory:

Hand Weapons
 a - a +0 short sword (weapon)
Missiles
 g - 3 curare-tipped needles
Armour
 b - a +0 robe (worn)
Scrolls
 e - a scroll of enchant weapon {unknown}
 h - a scroll of recharging {unknown}
 j - a scroll of identify {unknown}
Potions
 i - a potion of heal wounds {unknown}
Books
 l - a book of Changes

   Spells                             Type                      Level
   a - Beastly Appendage              Transmutation                1
   b - Sticks to Snakes               Transmutation                2
   c - Spider Form                    Transmutation/Poison         3
   d - Ice Form                       Ice/Transmutation            4
   e - Blade Hands                    Transmutation                5
Comestibles
 f - 2 bread rations
 k - a meat ration


   Skills:
 + Level 4.0 Fighting
 * Level 5.2 Throwing
 - Level 1.7 Dodging
 - Level 0.6 Stealth


You had 3 spell levels left.
You didn't know any spells.

Dungeon Overview and Level Annotations

Branches:
Dungeon (4/15)
 Temple: D:4-7

Altars:


Innate Abilities, Weirdness & Mutations

You are too large for most types of armour.
You have tough skin. (AC +1)


Message History

Aim: a worker ant (moderately wounded)
You throw a throwing net. The throwing net hits the worker ant.
The worker ant is caught in the net!
The worker ant is moderately wounded.
The worker ant struggles against the net.
You hit the worker ant.
The worker ant is severely wounded.
The worker ant struggles against the net.
You hit the worker ant but do no damage.
The worker ant is severely wounded.
The worker ant struggles against the net.
You hit the worker ant.
The worker ant is severely wounded.
The worker ant struggles against the net.
You hit the worker ant.
The worker ant is severely wounded.
The worker ant struggles against the net.
The net rips apart, and the worker ant comes free!
The worker ant bites you.
You die...

########...#...###...##
.......#...#...# #.....
.......#...#...# #.....
.......'...+...# #.....
.......#...#.#.# #.....
########...#.#.# #...##
###...#.... .....
#.....#...##......
#@##### . #a# .......w#
####..#.# .....(. .$###
### .


You could see a worker ant and a dart slug.

Vanquished Creatures
  An orc priest (D:4)
  A worker ant (D:4)
  An adder (D:2)
  An adder skeleton (D:4)
  3 orcs (D:4)
  A hobgoblin (D:2)
  3 jackals (D:2)
  A quokka (D:2)
  A goblin (D:2)
  A kobold (D:2)
14 creatures vanquished.

Notes
Turn   | Place    | Note
-------+----------+-------------------------------------------
     0 | D:1      | Amnesiac the Ogre Hunter began the quest for the Orb.
     0 | D:1      | Reached XP level 1. HP: 22/22 MP: 1/1
   105 | D:2      | Reached XP level 2. HP: 25/31 MP: 2/2
   344 | D:4      | Reached XP level 3. HP: 37/37 MP: 3/3
   534 | D:4      | Reached skill level 5 in Throwing
   534 | D:4      | Reached XP level 4. HP: 18/48 MP: 4/4
   546 | D:4      | Slain by a worker ant

Vault maps used:
D:1:      dpeg_arrival_pits
D:2:      first_bread
D:3:      minmay_misc_feat_encased, serial_bayou_pond_d, serial_bayou_pond_c,
          st_stairs_8, hangedman_feature_mirror, uniq_jessica, uniq_terence
D:4:      dk_noncrumbling_3, minmay_box_of_dots

Skill      XL: |  1  2  3 |
---------------+----------+-----
Fighting       | 3 4 |  4.0
Throwing       | 5 |  5.2
Dodging        | |  1.7
Stealth        | |  0.6

Action                   |  1- 3 |  4- 6 || total
-------------------------+-------+-------++-------
Melee: Short sword       |    40 |     7 ||    47
Throw: Large rock        |    10 |     2 ||    12
       Throwing net      |       |     2 ||     2
 Stab: Held in net/web   |       |     2 ||     2
Armor: Robe              |    20 |       ||    20
Dodge: Dodged            |    22 |       ||    22
